 Dungeon Crawl Stone Soup version 0.22-a0-750-ga7dcef7 (webtiles) character file.

42 sking99 the Insei (level 3, 0/23 HPs)
             Began as an Octopode Transmuter on July 15, 2018.
             Slain by Terence
             ... wielding a +0 mace
              (2 damage)
             ... on level 1 of the Dungeon.
             The game lasted 00:05:50 (1670 turns).

sking99 the Insei (Octopode Transmuter)             Turns: 1670, Time: 00:05:51

Health: 0/23       AC:  1    Str:  9    XL:     3   Next: 56%
Magic:  0/6        EV: 14    Int: 15    God:
Gold:   26         SH:  0    Dex: 13    Spells: 0/6 levels left

rFire    . . .     SeeInvis .     - Unarmed
rCold    . . .     Gourm    .   (no shield)
rNeg     . . .     Faith    .   (helmet restricted)
rPois    .         Spirit   .   (no amulet)
rElec    .         Reflect  .   (no ring)
rCorr    .         Harm     .   (no ring)
MR       .....                  (no ring)
Stlth    ++........             (no ring)
HPRegen  0.07/turn              (no ring)
MPRegen  0.10/turn              (no ring)
                                (no ring)
                                (no ring)

@: very slightly contaminated, hasted, very quick
A: almost no armour, stealthy swim, amphibious, 8 rings, constrict 8, camouflage
1, gelatinous body 1
a: no special abilities


You were on level 1 of the Dungeon.
You were very hungry.

You visited 1 branch of the dungeon, and saw 2 of its levels.

You collected 26 gold pieces.

Inventory:

Missiles
 a - 30 arrows
Jewellery
 b - an uncursed ring of positive energy {unknown}
Scrolls
 d - a scroll of teleportation {unknown}
 e - a scroll of blinking {unknown}
 f - a scroll of magic mapping {unknown}
 h - a scroll of identify {unknown}
Comestibles
 c - 2 rations


   Skills:
 - Level 1.6 Fighting
 - Level 2.4 Dodging
 * Level 3.8 Unarmed Combat
 - Level 2.0 Spellcasting
 + Level 2.1 Transmutations
 + Level 0.6 Poison Magic


You couldn't memorise any spells.
You knew the following spells:

 Your Spells              Type           Power        Failure   Level  Hunger
a - Beastly Appendage     Tmut           #.....       10%         1    #......
b - Sticks to Snakes      Tmut           #.......     14%         2    ###....
c - Spider Form           Tmut/Pois      #.........   36%         3    ###....

Your spell library contained the following spells:

 Spells                   Type           Power        Failure   Level  Hunger
 Blade Hands              Tmut           #.........   95%         5    ######.
 Ice Form                 Ice/Tmut       #.......     82%         4    #####..


Dungeon Overview and Level Annotations

Branches:
Dungeon (2/15)

Altars:

Annotations:
D:1 Terence
D:2 Jessica


Innate Abilities, Weirdness & Mutations

You cannot wear most types of armour.
You are very stealthy in the water. (Stealth+)
You are amphibious.
You can wear up to eight rings at the same time.
You can use your tentacles to constrict eight enemies at once.
Your skin changes colour to match your surroundings (Stealth+).
Your rubbery body absorbs attacks. (AC +1, EV +1)


Message History

Terence closely misses you. Terence hits you with a mace.
Terence barely misses you.
Terence screams, "I'm going to kill you!"
Terence completely misses you. Terence hits you with a mace!
* * * LOW HITPOINT WARNING * * *
Terence misses you. Terence barely misses you. Terence misses you.
Casting: Spider Form (slightly dangerous; 36% risk of failure)
Confirm with . or Enter, or press ? or * to list all spells.
You miscast Spider Form.
Strange energies run through your body. Terence misses you.
Terence says, "Rest in peace."
Terence barely misses you.
Unknown command.
You feel yourself speed up. Terence closely misses you.
Terence hits you with a mace.
You die...

#.......##### #.#####.#
#.....#.....# #.##....#
####....###.# ####.##.#
###..#.....# #.##(#
#......##..# ####....#
##..##.##..# #.##....#
###..##.##..# #.....#.##
##...........####........#
#.......(.......@.....##.###
#.##...#.#..#####@.........#
#.##.....#........#......#.#
#.##...#....[...........##.#
....)..................>...#
..###.#####...........##.###
### #.# #####.#......##.# #
#.# #............##.# # #.#
#.....#...[.....#


You could see Terence.

Vanquished Creatures
  An ooze (D:1)
  2 leopard geckos (D:1)
  3 giant cockroaches (D:1)
  5 hobgoblins (D:1)
  4 jackals (D:1)
  4 ball pythons (D:1)
  3 bats (D:1)
  A frilled lizard (D:1)
  4 goblins (D:1)
  2 kobolds (D:1)
  4 rats (D:1)
33 creatures vanquished.

Notes
Turn   | Place    | Note
-------+----------+-------------------------------------------
     0 | D:1      | sking99 the Octopode Transmuter began the quest for the Orb.
     0 | D:1      | Reached XP level 1. HP: 13/13 MP: 3/3
    44 | D:1      | Reached XP level 2. HP: 12/18 MP: 5/5
   150 | D:1      | Learned a level 2 spell: Sticks to Snakes
   370 | D:1      | Reached XP level 3. HP: 8/23 MP: 3/6
   533 | D:1      | Learned a level 3 spell: Spider Form
  1203 | D:2      | Noticed Jessica
  1273 | D:2      | HP: 1/23 [Jessica/wand of flame (24) (9)]
  1629 | D:2      | Noticed Terence
  1659 | D:1      | HP: 1/23 [Terence/mace (7)]
  1670 | D:1      | Slain by Terence

Vault maps used:
D:1:      scummos_arrival_star, minmay_shallow_snake_nest
D:2:      nicolae_ru_awakened_eye, hex_intersection, uniq_robin, uniq_jessica,
          uniq_natasha, uniq_terence

Action                   || total
-------------------------++-------
Melee: Unarmed           ||    76
       Constrict         ||    21
       Tentacles         ||    13
       Kick              ||    11
       Punch             ||     4
 Cast: Beastly Appendage ||    12
       Spider Form       ||     2
  Use: Potion            ||     1
 Stab: Sleeping          ||     2
  Eat: Chunk             ||     2
Armor: Skin              ||     5
Dodge: Dodged            ||    54

Table legend:
 A = Spawn XP
 B = Non-spawn XP
 C = Spawn XP percentage of total XP
 D = Spawn monster count
 E = Non-spawn monster count
 F = Spawn count percentage of total count
 G = Total turns spent on level
                    A         B        C        D         E        F      G
               +---------+---------+-------+---------+---------+-------+---------
         Total |       0 |      61 |   0.0 |       0 |      33 |   0.0 |  1670
               +---------+---------+-------+---------+---------+-------+---------
           D:1 |       0 |      61 |   0.0 |       0 |      33 |   0.0 |  1653
               +---------+---------+-------+---------+---------+-------+---------
